 Seeded DCSS version 0.29-a0-834-g1e95ca9f62 (webtiles) character file.

Game seed: 20220712 (custom seed)

936 flotson the Sneak (level 7, 0/55 HPs)
             Began as a Demonspawn Delver on July 13, 2022.
             Was an Initiate of Gozag.
             Killed by nerve-wracking pain
             ... invoked by Menkaure
              (10 damage)
             ... on level 6 of the Dungeon.
             The game lasted 00:08:54 (6752 turns).

flotson the Sneak (Demonspawn Delver)               Turns: 6752, Time: 00:08:55

Health: 0/55       AC: 10    Str: 14    XL:     7   Next: 87%
Magic:  7/7        EV: 17    Int: 12    God:    Gozag
Gold:   571        SH:  4    Dex: 17    Spells: 6/6 levels left

rFire   . . .      SeeInvis .   a - +2 dagger (elec)
rCold   . . .      Faith    .   (no shield)
rNeg    . . .      Spirit   .   x - +2 robe of Makhleb's Hatred {Dex+3}
rPois   .          Reflect  .   (helmet restricted)
rElec   .          Harm     .   B - +0 cloak
rCorr   .          Rampage  .   (no gloves)
Will    .....                   q - +0 pair of boots
Stlth   +++.......              (no amulet)
HPRegen 0.18/turn               r - +4 ring of protection
MPRegen 0.10/turn               D - +4 ring of evasion

@: no status effects
A: horns 1, large bone plates 1, foul stench 1, powered by death 2
a: Renounce Religion, Potion Petition, Call Merchant, Bribe Branch


You were on level 6 of the Dungeon.
You worshipped Gozag.
Gozag was pleased with you.
You visited 2 branches of the dungeon, and saw 7 of its levels.

You collected 660 gold pieces.
You paid 89 gold pieces to Gozag.

Inventory:

Hand Weapons
 a - a +2 dagger of electrocution (weapon)
 b - a +1 dagger of venom
Missiles
 l - 29 stones (quivered)
 y - 3 atropa-tipped darts
 C - 2 curare-tipped darts
Armour
 q - a +0 pair of boots (worn)
 x - the +2 robe of Makhleb's Hatred (worn) {Dex+3}
   (You found it on level 3 of the Dungeon)

   Dex:       It affects your dexterity (+3).
 B - a +0 cloak (worn)
Jewellery
 r - a +4 ring of protection (left hand)
 D - a +4 ring of evasion (right hand)
Wands
 g - a wand of digging (3)
 E - a wand of paralysis (6)
Scrolls
 c - a scroll of fog
 d - a scroll of magic mapping
 e - 2 scrolls of fear
 h - 7 scrolls of identify {unknown}
 j - 2 scrolls of immolation {unknown}
 k - a scroll of amnesia {unknown}
 m - a scroll of noise {unknown}
 n - a scroll of teleportation {unknown}
 s - 2 scrolls of summoning {unknown}
 t - a scroll of poison {unknown}
 v - a scroll of brand weapon {unknown}
 A - a scroll of blinking {unknown}
Potions
 f - a potion of haste
 i - 4 potions of attraction {unknown}
 o - 2 potions of curing {unknown}
 p - a potion of flight {unknown}
 u - 2 potions of brilliance {unknown}
 w - a potion of experience {unknown}
 z - a potion of lignification {unknown}


   Skills:
 + Level 4.5 Fighting
 * Level 2.7 Short Blades
 - Level 1.7 Polearms
 + Level 2.7 Throwing
 + Level 2.8 Armour
 + Level 3.4 Dodging
 + Level 5.8 Stealth
 + Level 3.0 Evocations


You had 6 spell levels left.
You didn't know any spells.
Your spell library contained the following spells:

 Spells                   Type           Power      Damage    Failure   Level
 Apportation              Tloc           0%         N/A       32%         1
 Necrotise                Necr           0%         1d4       32%         1
 Shock                    Conj/Air       0%         1d3       32%         1
 Summon Small Mammal      Summ           0%         N/A       32%         1
 Swiftness                Air            0%         N/A       69%         3
 Vampiric Draining        Necr           0%         2d6       69%         3
 Airstrike                Air            0%         0-1+      97%         4
 Agony                    Necr           0%         N/A       100%        5
 Freezing Cloud           Conj/Ice/Air   0%         6-21      100%        5
 Polar Vortex             Ice            0%         N/A       100%        9
 Simulacrum               Ice/Necr       Unusable   N/A       N/A         6

Dungeon Overview and Level Annotations

Branches:
Dungeon (6/15)             Temple (1/1) D:5

Altars:
Cheibriados
Gozag
Hepliaklqana
Trog

Shops:
D:1 :[(*:

Annotations:
D:6 Menkaure


Innate Abilities, Weirdness & Mutations

You have a pair of small horns on your head.
You are partially covered in large bone plates. (SH +4)
You may rarely emit foul miasma when damaged in melee.
You regenerate health from kills.


Message History

Menkaure, Prince of Dust comes into view.
Found a whip and 9 gold pieces.
The gnoll shouts!
You hit the gnoll.
The gnoll is lightly wounded.
Menkaure shouts!
Menkaure calls on the powers of darkness!
Your body is wracked with pain!
You hit the gnoll. Lightning courses through the gnoll!
You kill the gnoll!
You closely miss the adder. Your headbutt misses the adder.
The adder closely misses you.
You hit the adder.
The adder is lightly wounded.
You block the adder's attack.
A gnoll comes into view. It is wielding a +0 halberd.
You completely miss the adder.
The gnoll shouts!
You headbutt the adder.
The adder is severely wounded.
The adder misses you.
Menkaure whispers in an indecipherable tongue.
You closely miss the adder. You headbutt the adder.
You kill the adder!
A gnoll comes into view. It is wielding a +0 flail.
Found a robe.
The gnoll is distracted by your dazzling golden aura.
Menkaure calls on the powers of darkness!
Your body is wracked with pain!
The gnoll convulses!
The gnoll shouts!
The gnoll convulses!
The gnoll shouts!
Menkaure calls on the powers of darkness!
The gnoll convulses! x2; Your body is wracked with pain!
* * * LOW HITPOINT WARNING * * *
The gnoll is no longer distracted by gold.
Menkaure points at you and mumbles some strange words.
Pain shoots through your body!
You die...
Your body crumbles into a pile of gold.

#.# #.# #.# #.# ###+#####
#.# #.# .........# #.# #.#
..........# #.# #.#
#.........# #.# #.#
#.........####.###.#
#.........#.##.#...######
..........@.............##
........$...###..........#
............###........#.##
[.......######......####..#
........# #).....# ##.#
.....M..# #..<...# #..
........# +......### ##.
...g....# #..........##.
.).g..... ...............


You could see Menkaure and a gnoll.

Vanquished Creatures
  Eustachio (D:4)
  Edmund (D:5)
  An ogre (D:5)
  A phantom (D:5)
  A water moccasin skeleton (D:3)
  A bullfrog zombie (D:3)
  A hound (D:6)
  A bullfrog skeleton (D:3)
  A gnoll bouda (D:5)
  A jelly (D:4)
  An iguana (D:5)
  An orc wizard (D:4)
  Natasha (D:2)
  8 gnolls
  9 adders
  3 worms
  The ghost of flotson the Sneak, a weakling DsDe (D:3)
  2 dart slugs (D:2)
  10 orcs (D:4)
  6 ball pythons
  4 bats
  3 endoplasms
  2 giant cockroaches
  11 goblins
  8 hobgoblins
  A quokka (D:4)
  2 frilled lizards
  10 kobolds
  3 rats
96 creatures vanquished.

Vanquished Creatures (others)
  2 fungi (D:2)
  19 plants
21 creatures vanquished.

Grand Total: 117 creatures vanquished

Notes
Turn   | Place    | Note
-------+----------+-------------------------------------------
     0 | D:5      | flotson the Demonspawn Delver began the quest for the Orb.
     0 | D:5      | Reached XP level 1. HP: 18/18 MP: 1/1
    12 | D:5      | Noticed Edmund
   384 | D:1      | Gained mutation: You may rarely emit foul miasma when
                  | damaged in melee. [demonic ancestry]
   384 | D:1      | Reached XP level 2. HP: 24/24 MP: 2/2
   384 | D:1      | Found Duifag's Antique Weapon Shoppe.
   390 | D:1      | Found Poest's Armour Emporium.
   436 | D:1      | Found Dygead's Book Emporium.
   825 | D:1      | Found Moho Ped's Assorted Antiques.
  1252 | D:1      | Found Loleror's Book Shoppe.
  1433 | D:2      | Gained mutation: You have a pair of small horns on your
                  | head. [demonic ancestry]
  1433 | D:2      | Reached XP level 3. HP: 29/29 MP: 3/3
  1640 | D:2      | Reached skill level 1 in Armour
  1651 | D:2      | Reached skill level 1 in Evocations
  2013 | D:5      | Gained mutation: You regenerate a little health from kills.
                  | [demonic ancestry]
  2013 | D:5      | Reached XP level 4. HP: 35/35 MP: 4/4
  2015 | D:5      | Found a staircase to the Ecumenical Temple.
  2033 | D:5      | Reached skill level 1 in Short Blades
  2245 | D:5      | Reached skill level 1 in Throwing
  2330 | Temple   | Entered the Ecumenical Temple
  2402 | Temple   | Became a worshipper of Gozag Ym Sagoz the Greedy
  2476 | D:4      | Reached skill level 5 in Stealth
  3260 | D:2      | Found a faded altar of an unknown god.
  3329 | D:2      | Reached XP level 5. HP: 19/41 MP: 5/5
  3359 | D:2      | HP: 2/41 [gnoll/+0 spear (7)]
  3924 | D:2      | Noticed Natasha
  3933 | D:2      | Killed Natasha
  4503 | D:3      | Found a hazy altar of Hepliaklqana.
  4505 | D:3      | Found a snail-covered altar of Cheibriados.
  4626 | D:3      | Found a runed translucent gate.
  4626 | D:3      | Found a runed translucent gate.
  4626 | D:3      | Found a runed translucent gate.
  4627 | D:3      | Noticed flotson's ghost (weakling DsDe)
  4747 | D:3      | Identified the +2 robe of Makhleb's Hatred {Dex+3}
  5280 | D:3      | Killed flotson's ghost
  5288 | D:3      | Gained mutation: You regenerate health from kills. [demonic
                  | ancestry]
  5288 | D:3      | Reached XP level 6. HP: 25/48 MP: 6/6
  5594 | D:4      | Noticed Eustachio
  5610 | D:4      | Killed Eustachio
  5697 | D:4      | Gained mutation: You are partially covered in large bone
                  | plates. (SH +4) [demonic ancestry]
  5697 | D:4      | Reached XP level 7. HP: 54/54 MP: 7/7
  6216 | D:5      | Killed Edmund
  6742 | D:6      | Noticed Menkaure
  6752 | D:6      | Killed from afar by Menkaure

Illustrated notes

Levels and vault maps discovered:
D:1:      shiori_shiawase, layout_basic, serial_shops, shop, shop,
          nicolae_shop_statue_plus, shop, shop, kennysheep_boxes
D:2:      layout_basic, shapermc_ecumenical_altar_gd, uniq_natasha
D:3:      layout_basic, chequers_temple_overflow_statue_of_worship,
          gammafunk_ghost_necromancy, columned_hall_lemuel,
          dreamdust_princess_bridge, minmay_misc_feat_square,
          serial_bayou_pond_c
D:4:      layout_loops_ring, minmay_checkerbox, uniq_eustachio
D:5:      layout_loops_ring, minmay_temple_entry_trees,
          nicolae_concentric_dashed_squares_mild, minivault_23, uniq_edmund
D:6:      layout_basic, uniq_menkaure, uniq_maggie, uniq_duvessa
Temple:   mainiacjoe_temple_cubbyholes

Skill      XL: |  1  2  3  4  5  6  7 |
---------------+----------------------+-----
Dodging        | 2 3 |  3.4
Armour         | 1 2 |  2.8
Evocations     | 1 2 3 |  3.0
Short Blades   | 1 2 |  2.7
Throwing       | 1 2 |  2.7
Stealth        | 5 |  5.8
Fighting       | 4 |  4.5
Polearms       | |  1.7

Action                   |  1- 3 |  4- 6 |  7- 9 || total
-------------------------+-------+-------+-------++-------
Melee: Spear             |     8 |       |       ||     8
       Dagger            |    56 |   207 |    64 ||   327
       Headbutt          |     3 |    35 |    19 ||    57
       Punch             |     1 |     2 |     1 ||     4
 Stab: Sleeping          |     7 |     2 |     1 ||    10
       Distracted        |       |     2 |       ||     2
Armor: Leather armour    |     3 |       |       ||     3
       Scale mail        |    16 |    31 |       ||    47
       Robe              |       |    39 |    11 ||    50
Dodge: Dodged            |    17 |   127 |    30 ||   174
Block: Other             |       |       |     9 ||     9

Table legend: (Time is in decaauts)
 A = Elapsed time spent in this place.
 B = Non-inter-level travel time spent in this place.
 C = Inter-level travel time spent in this place.
 D = Time resting spent in this place.
 E = Time spent auto-exploring this place.
 F = Levels seen in this place.
 G = Mean time per level.
                   A        B        C        D        E       F      G
               +--------+--------+--------+--------+--------+-----+--------+
         Total |   6734 |   6211 |    523 |    850 |   4303 |   7 |  962.0 |
       Dungeon |   6619 |   6139 |    480 |    850 |   4248 |   6 | 1103.2 |
        Temple |    115 |     72 |     43 |      0 |     55 |   1 |  115.0 |
               +--------+--------+--------+--------+--------+-----+--------+

Top non-repeatable levels by time:
     D:2: 1674 daAuts
     D:4: 1470 daAuts
     D:1: 1400 daAuts
     D:3: 1256 daAuts
     D:5: 763 daAuts
  Temple: 115 daAuts
     D:6: 54 daAuts
